 Dungeon Crawl Stone Soup version 0.29.1-15-g9cfb28693d (webtiles) character file.

Game seed: 3846200606043343843

119 croobank the Firebug (level 4, -25/31 HPs)
             Began as a Demonspawn Fire Elementalist on Mar 20, 2023.
             Annihilated by an ogre
             ... wielding a +0 giant spiked club
              (32 damage)
             ... on level 3 of the Dungeon.
             The game lasted 00:07:24 (3821 turns).

croobank the Firebug (Demonspawn Fire Elementalist) Turns: 3821, Time: 00:07:25

Health: -25/31     AC:  5    Str:  8    XL:     4   Next: 74%
Magic:  7/7        EV: 12    Int: 19    God:
Gold:   81         SH:  0    Dex: 13    Spells: 1/8 levels left

rFire   . . .      SeeInvis .   f - +1 dagger (speed)
rCold   . . .      Faith    .   (no shield)
rNeg    . . .      Spirit   .   a - +0 robe
rPois   .          Reflect  .   n - +1 helmet
rElec   .          Harm     .   j - +0 cloak
rCorr   .          Rampage  .   (no gloves)
Will    .....                   (no boots)
Stlth   ++........              (no amulet)
HPRegen 0.10/turn               (no ring)
MPRegen 0.20/turn               (no ring)

@: no status effects
A: claws 1, powered by pain 1, magic regeneration
a: no special abilities


You were on level 3 of the Dungeon.
You visited 1 branch of the dungeon, and saw 4 of its levels.

You collected 81 gold pieces.

Inventory:

Hand Weapons
 f - a +1 dagger of speed (weapon)
Missiles
 m - 4 curare-tipped darts
Armour
 a - a +0 robe (worn)
 j - a +0 cloak (worn)
 n - a +1 helmet (worn)
Scrolls
 c - a scroll of immolation {unknown}
 e - 2 scrolls of summoning
 h - a scroll of teleportation
 i - a scroll of enchant weapon {unknown}
 k - 2 scrolls of identify {unknown}
 q - a scroll of torment {unknown}
Potions
 b - a potion of magic
 d - a potion of might {unknown}
 g - a potion of attraction {unknown}
 l - a potion of lignification {unknown}
 o - 2 potions of mutation {unknown}
 p - 2 potions of heal wounds {unknown}


   Skills:
 + Level 0.8 Fighting
 + Level 2.4 Dodging
 + Level 2.6 Stealth
 + Level 2.6 Spellcasting
 * Level 2.2 Conjurations
 + Level 3.2 Fire Magic


You had one spell level left.
You knew the following spells:

 Your Spells              Type           Power      Damage    Failure   Level
a - Foxfire               Conj/Fire      48%        2x1d6     5%          1
b - Scorch                Fire           28%        2d6       6%          2
c - Flame Wave            Conj/Fire      12%        2d6       45%         4

Your spell library contained the following spells:

 Spells                   Type           Power      Damage    Failure   Level
 Conjure Flame            Conj/Fire      12%        6-21      16%         3
 Inner Flame              Hex/Fire       8%         N/A       24%         3


Dungeon Overview and Level Annotations

Branches:
Dungeon (4/15)
 Temple: D:4-7

Altars:
Sif Muna


Innate Abilities, Weirdness & Mutations

You have sharp fingernails.
You sometimes gain a little power by taking damage.
You regenerate magic rapidly.


Message History

Found a stone staircase leading up.
You see here a +0 pair of gloves.
You see here a +0 pair of gloves.
There is a stone staircase leading up here.
You climb upwards.
There is a stone staircase leading down here.
A bat comes into view.
The bat moves out of view.
A bat is nearby!
Casting: Foxfire (safe; 5% risk of failure)
Confirm with . or Enter, or press ? or * to list all spells.
You conjure some foxfire!
Casting: Foxfire (safe; 5% risk of failure)
Confirm with . or Enter, or press ? or * to list all spells.
You conjure some foxfire!
The foxfire hits the bat.
You kill the bat!
Your foxfire dissipates! x3
Magic restored.
You open the large door.
An ogre comes into view. It is wielding a +0 giant spiked club.
There is a large open door here.
There is a large open door here.
Casting: Foxfire (safe; 5% risk of failure)
Confirm with . or Enter, or press ? or * to list all spells.
Flames lash the ogre.
The ogre is lightly wounded.
The ogre's fire resistance burns away.
Casting: Scorch (safe; 6% risk of failure)
Confirm with . or Enter, or press ? or * to list all spells.
Flames lash the ogre.
The ogre is burned terribly!
The ogre is heavily wounded.
The ogre hits you with a +0 giant spiked club!!
Ouch! That really hurt!
* * * LOW HITPOINT WARNING * * *
You focus on the pain.
You feel your power returning.
As you read the scroll of summoning, it crumbles to dust.
Wisps of shadow whirl around you...
The ogre hits you with a +0 giant spiked club!!
Ouch! That really hurt!
You die...

#..######...>....#
.#.......#.....########
#........#.....# #.....
........†......# #.....
...............# #.....
................#
#.....
.....###'##.....#
#.....
.....###J##.....#
#..... ###..S@..#.....#
#..... #...O..#######
#..... #....Sw# #.....
.......## ######
#########


You could see an ogre (combustible, ally target), 2 friendly adders, a friendly
dart slug (summoned) and a friendly endoplasm (summoned).

Vanquished Creatures
  2 gnolls (D:4)
  3 adders
  2 worms (D:2)
  2 dart slugs
  5 endoplasms
  2 giant cockroaches (D:1)
  4 hobgoblins
  5 jackals
  4 quokkas
  6 ball pythons
  6 bats
  8 goblins
  7 kobolds
  4 rats
60 creatures vanquished.

Vanquished Creatures (others)
  84 foxfires
84 creatures vanquished.

Grand Total: 144 creatures vanquished

Notes
Turn   | Place    | Note
-------+----------+-------------------------------------------
     0 | D:1      | croobank the Demonspawn Fire Elementalist began the quest
                  | for the Orb.
     0 | D:1      | Reached XP level 1. HP: 13/13 MP: 3/3
   771 | D:1      | Gained mutation: You regenerate magic rapidly. [demonic
                  | ancestry]
   771 | D:1      | Reached XP level 2. HP: 19/19 MP: 3/5
  1005 | D:1      | Learned a level 2 spell: Scorch
  1316 | D:1      | Gained mutation: You have sharp fingernails. [demonic
                  | ancestry]
  1316 | D:1      | Reached XP level 3. HP: 24/24 MP: 2/6
  1366 | D:1      | Reached skill level 3 in Fire Magic
  2473 | D:2      | Gained mutation: You sometimes gain a little power by
                  | taking damage. [demonic ancestry]
  2473 | D:2      | Reached XP level 4. HP: 29/30 MP: 0/7
  3145 | D:3      | Learned a level 4 spell: Flame Wave
  3249 | D:3      | Found a shimmering blue altar of Sif Muna.
  3816 | D:3      | Noticed an ogre
  3821 | D:3      | Annihilated by an ogre

Illustrated notes

Levels and vault maps discovered:
D:1:      saegor_arrival_simple_b, layout_basic
D:2:      cheibrodos_helix_gallery, layout_loops_corners
D:3:      layout_basic, lemuel_round_altar, nicolae_sif_muna_condensation,
          shapermc_ecumenical_altar_venn
D:4:      minmay_evil_eye, layout_loops_ring, mainiacjoe_overflow_alcove_1,
          small_statue_intersection

Skill      XL: |  1  2  3  4 |
---------------+-------------+-----
Stealth        | 2 |  2.6
Dodging        | 2 |  2.4
Fire Magic     | 3 |  3.2
Conjurations   | 2 |  2.2
Fighting       | |  0.8
Spellcasting   | |  2.6

Action                   |  1- 3 |  4- 6 || total
-------------------------+-------+-------++-------
Melee: Club              |    23 |       ||    23
       Dagger            |     3 |    16 ||    19
 Cast: Foxfire           |    47 |     7 ||    54
       Scorch            |    23 |    22 ||    45
  Use: Scroll            |     2 |     1 ||     3
 Stab: Sleeping          |     1 |       ||     1
Armor: Robe              |    13 |     4 ||    17
Dodge: Dodged            |    28 |    26 ||    54
